AoeStats
← Michi3052

Arena

504259662Analyzed
1v1 RM · 29d ago on Sep 4, 2026· 24m 42s· 2 players
Game mode
Random Map
Map size
Tiny (2 player)
Population
200
Speed
Normal
Resources
Standard
Victory
Conquest
Starting age
Dark Age
Ending age
Imperial Age
RankedLock teamsTeams togetherTeam positionsShared explorationLock speedFull tech treeHidden civsTurbo modeCheats
Victory
Defeat
655
+17
🇪🇸 Turks · Spain
678
-17
游戏虽菜但人很帅
10:51 Feudal Age
15:05 Castle Age
14:55 Double-Bit Axe
18:57 Gold Mining
22:06 Redemption
24:32 Wheelbarrow
Michi3052
12:01 Feudal Age
13:50 Double-Bit Axe
18:22 Castle Age
16:33 Gold Mining
17:25 Horse Collar
25:15 Imperial Age
Connection lost

Rejoining the realm…

Still unreachable

The connection could not be restored.

Session expired

The server has moved on; the page needs a fresh start.